 Dungeon Crawl Stone Soup version 0.27-a0-67-g4bfc8a49e1 (webtiles) character file.

Game seed: 17704597077063726284

375 Borgoz the Slasher (level 7, -5/46 HPs)
             Began as a Halfling Gladiator on Jan 9, 2021.
             Slain by a mummy (9 damage)
             ... in an ossuary.
             The game lasted 00:03:36 (3624 turns).

Borgoz the Slasher (Halfling Gladiator)             Turns: 3624, Time: 00:03:37

Health: -5/46      AC:  7    Str: 16    XL:     7   Next: 3%
Magic:  7/7        EV: 16    Int:  6    God:
Gold:   129        SH:  0    Dex: 17    Spells: 6/6 levels left

rFire    . . .     SeeInvis .   a - +0 long sword
rCold    . . .     Faith    .   (shield restricted)
rNeg     . . .     Spirit   .   s - +0 ring mail
rPois    .         Reflect  .   c - +0 helmet
rElec    .         Harm     .   (no cloak)
rCorr    .         Rampage  .   (no gloves)
Will     .....                  o - +0 pair of boots (curse)
Stlth    +.........             (no amulet)
HPRegen  0.15/turn              (no ring)
MPRegen  0.10/turn              (no ring)

@: mighty, attractive, flying
A: small, mutation resistance 1
a: no special abilities


You were in an ossuary.
You visited 1 branch of the dungeon, and saw 4 of its levels.
You also visited: Ossuary.

You collected 129 gold pieces.

Inventory:

Hand Weapons
 a - a +0 long sword (weapon)
 b - a +0 dagger of venom
 h - a +4 dagger
Missiles
 d - 3 throwing nets (quivered)
Armour
 c - a +0 helmet (worn)
 o - a cursed +0 pair of boots (worn)
 s - a +0 ring mail (worn)
Jewellery
 i - an uncursed ring of flight
Scrolls
 e - 3 scrolls of teleportation {unknown}
 f - 2 scrolls of fear
 k - 5 scrolls of identify {unknown}
 n - a scroll of magic mapping
 p - a scroll of random uselessness {unknown}
 q - a scroll of enchant weapon {unknown}
Potions
 l - a potion of might


   Skills:
 + Level 3.2 Fighting
 * Level 5.1 Long Blades
 - Level 2.0 Throwing
 + Level 2.9 Armour
 + Level 4.5 Dodging


You had 6 spell levels left.
You didn't know any spells.
Your spell library was empty.

Dungeon Overview and Level Annotations

Branches:
Dungeon (4/15)             Temple (0/1) D:4         Ossuary (1/1)

Altars:
Fedhas
Gozag
Vehumet
Wu Jian


Innate Abilities, Weirdness & Mutations

You are small and have problems with some larger weapons.
You are somewhat resistant to further mutation.


Message History

The mummy closely misses you.
You riposte.
You hit the mummy.
The mummy is moderately damaged.
The mummy closely misses you.
You riposte.
You slash the mummy!
The mummy is almost destroyed.
The mummy completely misses you.
You slice the mummy!!
You destroy the mummy!
The mummy closely misses you.
You have reached level 7!
You barely miss the mummy.
The mummy is moderately damaged.
The mummy hits you! x2
* * * LOW HITPOINT WARNING * * *
You are too injured to fight recklessly!
You are too injured to fight recklessly!
You are too injured to fight recklessly!
You slash the mummy!
You destroy the mummy!
The mummy hits you!
You die...

'.#..∩#≈#
###≈'.∩.#.#
#..≈#...#≈#
##≈≈#####≈#####.
#P...≈.≈≈≈≈≈≈...
#≈≈.#M#≈≈.≈.≈.#
#≈≈.≈P#P≈P≈P≈.#
#≈###≈#≈≈M###≈#
## ≈##≈@#≈# #
#≈≈≈≈# #≈#≈≈≈#
#######


You could see a mummy.

Vanquished Creatures
  Sigmund (D:2)
  4 mummies (Ossuary)
  Jessica (D:3)
  A worker ant (D:4)
  3 adders (D:3)
  3 worms
  2 dart slugs
  A leopard gecko (D:2)
  5 orcs (D:3)
  2 ball pythons
  9 bats
  5 giant cockroaches
  10 goblins
  10 hobgoblins
  A quokka (D:2)
  6 frilled lizards
  6 kobolds
  A quokka skeleton (D:4)
  7 rats
78 creatures vanquished.

Vanquished Creatures (others)
  5 plants (D:2)
  2 withered plants (Ossuary)
7 creatures vanquished.

Grand Total: 85 creatures vanquished

Notes
Turn   | Place    | Note
-------+----------+-------------------------------------------
     0 | D:1      | Borgoz the Halfling Gladiator began the quest for the Orb.
     0 | D:1      | Reached XP level 1. HP: 14/14 MP: 1/1
   148 | D:1      | Reached XP level 2. HP: 19/19 MP: 2/2
   593 | D:1      | Reached XP level 3. HP: 24/24 MP: 3/3
   600 | D:1      | Reached skill level 1 in Armour
  1297 | D:2      | Reached XP level 4. HP: 28/29 MP: 4/4
  1602 | D:2      | Found a radiant altar of Vehumet.
  1605 | D:2      | Found a blossoming altar of Fedhas.
  1654 | D:2      | Noticed Sigmund
  1672 | D:2      | Killed Sigmund
  1673 | D:2      | Reached skill level 4 in Long Blades
  1673 | D:2      | Reached XP level 5. HP: 18/36 MP: 5/5
  1673 | D:2      | Reached XP level 6. HP: 20/41 MP: 6/6
  1951 | D:2      | Found an ornate altar of the Wu Jian Council.
  1954 | D:2      | Found an opulent altar of Gozag.
  2358 | D:3      | Noticed Jessica
  2364 | D:3      | Killed Jessica
  3413 | D:4      | Reached skill level 5 in Long Blades
  3570 | D:4      | Found a sand-covered staircase.
  3583 | Ossuary  | Entered an ossuary
  3612 | Ossuary  | HP: 1/42 [mummy (3)]
  3623 | Ossuary  | Reached XP level 7. HP: 34/46 MP: 7/7
  3624 | Ossuary  | Slain by a mummy

Illustrated notes

Levels and vault maps discovered:
D:1:      sevenhm_arrival_forest_fort_large_4, layout_basic, minmay_cut_off
D:2:      minmay_evil_eye, layout_basic, grunt_temple_overflow_cloverleaf,
          minivault_19, chequers_big_river, uniq_sigmund
D:3:      layout_basic, minmay_misc_feat_roman, uniq_jessica
D:4:      layout_loops_ring, minmay_temple_entry_large_hall,
          nicolae_ossuary_entry_monument
Ossuary:  ossuary_zaba_flooded

Skill      XL: |  1  2  3  4  5  6 |
---------------+-------------------+-----
Fighting       | 2 3 |  3.2
Armour         | 1 2 |  2.9
Long Blades    | 4 5 |  5.1
Dodging        | 4 |  4.5
Throwing       | |  2.0

Action                   |  1- 3 |  4- 6 |  7- 9 || total
-------------------------+-------+-------+-------++-------
Melee: Long sword        |    24 |    28 |     2 ||    54
       Dagger            |    79 |   122 |       ||   201
  Use: Potion            |     1 |     4 |       ||     5
       Scroll            |       |     2 |       ||     2
 Stab: Sleeping          |     2 |     1 |       ||     3
Armor: Leather armour    |    16 |    17 |       ||    33
Dodge: Dodged            |    82 |   108 |       ||   190
       Rpst.: Long sword |     8 |     9 |       ||    17

Table legend: (Time is in decaauts)
 A = Elapsed time spent in this place.
 B = Non-inter-level travel time spent in this place.
 C = Inter-level travel time spent in this place.
 D = Time resting spent in this place.
 E = Time spent auto-exploring this place.
 F = Levels seen in this place.
 G = Mean time per level.
                   A        B        C        D        E       F      G
               +--------+--------+--------+--------+--------+-----+--------+
         Total |   3612 |   3485 |    127 |    482 |   2448 |   5 |  722.4 |
       Dungeon |   3566 |   3439 |    127 |    482 |   2446 |   4 |  891.5 |
       Ossuary |     46 |     46 |      0 |      0 |      2 |   1 |   46.0 |
               +--------+--------+--------+--------+--------+-----+--------+

Top non-repeatable levels by time:
     D:2: 1387 daAuts
     D:1: 957 daAuts
     D:3: 921 daAuts
     D:4: 300 daAuts
 Ossuary: 46 daAuts
